 Dungeon Crawl Stone Soup version 0.19-a0-1025-g778f431 (webtiles) character file.

4860 4thArraOfDagon the Cleaver (level 10, -6/77 HPs)
             Began as a Minotaur Berserker on July 28, 2016.
             Was a Priest of Trog.
             Mangled by a troll (7 damage)
             ... on level 10 of the Dungeon.
             The game lasted 00:13:22 (2316 turns).

4thArraOfDagon the Cleaver (Minotaur Berserker)     Turns: 2316, Time: 00:13:23

Health: -6/77      AC: 12    Str: 25    XL:     10   Next: 26%
Magic:  3/3        EV: 11    Int:  4    God:    Trog [***...]
Gold:   47         SH:  0    Dex: 10    Spells: 0 memorised, 9 levels left

rFire  . . .     SeeInvis .     x - +3 broad axe (antimagic)
rCold  + . .     Gourm    .     q - +4 scale mail
rNeg   . . .     Faith    .     (no shield)
rPois  .         Spirit   .     (helmet restricted)
rElec  .         Dismiss  .     (no cloak)
rCorr  .         Reflect  .     (no gloves)
SustAt .         Harm     .     (no boots)
MR     ++...                    (no amulet)
Stlth  ..........               l - ring of flight
                                p - ring of protection from cold

@: exhausted, regenerating, slowed, very slow, very resistant to hostile
enchantments, extremely unstealthy
A: retaliatory headbutt, horns 2
a: Berserk, Trog's Hand, Burn Spellbooks, Renounce Religion, Evoke Flight


You were on level 10 of the Dungeon.
You worshipped Trog.
Trog was most pleased with you.
You were not hungry.

You visited 1 branch of the dungeon, and saw 8 of its levels.
You also visited: Bailey.

You collected 208 gold pieces.
You spent 161 gold pieces at shops.

Inventory:

Hand Weapons
 a - a +0 hand axe
 o - the +8 spear "Weluma" {pierce, Str+6}
   (You found it on level 8 of the Dungeon)

   It inflicts extra damage upon your enemies.
   It affects your strength (+6).
 x - a +3 antimagic broad axe (weapon)
Armour
 b - a +0 animal skin
 m - a +0 ring mail
 q - a +4 scale mail (worn)
Jewellery
 l - a ring of flight (right hand)
 p - a ring of protection from cold (left hand)
Wands
 j - a wand of flame (48/48)
 v - a wand of disintegration (19/24)
Scrolls
 d - a scroll of noise
 i - a scroll of random uselessness
 t - 5 scrolls of enchant weapon
 u - 3 scrolls of enchant armour
Potions
 e - a potion of cancellation
 f - 2 potions of lignification {unknown}
 k - 4 potions of curing
 n - a potion of invisibility {unknown}
 r - 3 potions of heal wounds
 s - a potion of might
Comestibles
 c - 4 bread rations
 g - 2 beef jerkies
 h - a chunk of flesh
 w - a slice of pizza


   Skills:
 - Level 3.6 Fighting
 * Level 14.4 Axes
 + Level 10.6 Armour
 - Level 2.1 Dodging


You had 9 spell levels left.
You didn't know any spells.

Dungeon Overview and Level Annotations

Branches:
Dungeon (10/15)
 Temple: D:4-7         Lair: D:8-11         Orc: D:9-12

Altars:
Dithmenos
Nemelex Xobeh
Qazlal
Ru
Uskayaw
Xom
Zin

Shops:
D:9 *

Annotations:
D:10 4thArraOfDagon's ghost, novice MiBe


Innate Abilities, Weirdness & Mutations

You reflexively headbutt those who attack you in melee.
You have a pair of horns on your head.


Message History

* * * LOW HITPOINT WARNING * * *
The troll closely misses you.
Unknown command.
Unknown command.
Unknown command.
You hit the troll but do no damage.
The troll is almost dead.
The troll bites you!
* * * LOW HITPOINT WARNING * * *
The troll claws you.
* * * LOW HITPOINT WARNING * * *
The troll closely misses you.
Unknown command.
Unknown command.
You completely miss the troll. Your headbutt misses the troll.
The troll is almost dead.
The troll bites you but does no damage. The troll claws you!
* * * LOW HITPOINT WARNING * * *
The troll closely misses you. The troll bites you!
You die...

#######....†....###..#####.###.#
#.}..###### ##.# #.# ##...# #.#
#.# #...# #.. #W# #...# ##.# #.#
#.†.# .## #.# #††.###### ..# #.#
#........######.###.###
##......T@.............
#."![(.(######(.##.##
#....[<..#.[..........
#........#.####..#.###
#........#.# ...... #........#.#
....### #....)..##.# ##..#
###....###.# .># #....# #.# #.#


You could see a troll.

Vanquished Creatures
  Urug (D:10)
  2 orc knights (Bailey)
  A hippogriff (D:8)
  A water moccasin (D:8)
  12 orc warriors
  2 ogres
  A black bear (D:10)
  4 centaurs
  A big kobold (D:8)
  A giant frog (D:7)
  A water moccasin zombie (D:8)
  2 scorpions (D:8)
  10 killer bees
  3 howler monkeys
  An orc priest (D:10)
  A gnoll shaman (D:8)
  A hound (D:7)
  6 orc wizards
  2 giant frog skeletons (D:7)
  3 iguanas
  A worker ant (D:8)
  8 gnolls (D:8)
  6 adders
  A shadow imp (D:8)
  An adder skeleton (D:8)
  35 orcs
  A ball python (D:2)
  2 hobgoblins
  2 jackals (D:2)
  7 kobolds (D:8)
  2 quokkas
  3 bats
  2 giant newts (D:2)
  A rat (D:2)
128 creatures vanquished.

Notes
Turn   | Place    | Note
-------+----------+-------------------------------------------
     0 | D:1      | 4thArraOfDagon the Minotaur Berserker began the quest for the Orb.
     0 | D:1      | Reached XP level 1. HP: 19/19 MP: 0/0
    81 | D:2      | Noticed an angel
    82 | D:2      | Found a shimmering altar of Xom.
    82 | D:2      | Found a glowing silver altar of Zin.
    91 | D:2      | Reached skill level 4 in Axes
    91 | D:2      | Reached XP level 2. HP: 26/26 MP: 1/1
   278 | D:4      | You fall through a shaft for 3 floors!
   278 | D:7      | Found a hide-covered altar of Uskayaw.
   281 | D:7      | Found a stormy altar of Qazlal.
   281 | D:7      | Found a sparkling altar of Nemelex Xobeh.
   283 | D:7      | Found a shadowy altar of Dithmenos.
   286 | D:7      | Reached XP level 3. HP: 25/31 MP: 2/2
   338 | D:7      | Noticed a giant frog
   344 | D:7      | Killed a giant frog
   344 | D:7      | Reached skill level 5 in Axes
   344 | D:7      | Reached XP level 4. HP: 39/39 MP: 3/3
   345 | D:7      | Reached skill level 6 in Axes
   345 | D:7      | Reached XP level 5. HP: 45/45 MP: 4/4
   352 | D:7      | Reached ** piety under Trog
   364 | D:7      | Noticed an ogre
   376 | D:7      | Killed an ogre
   376 | D:7      | Reached skill level 7 in Axes
   376 | D:7      | Reached XP level 6. HP: 36/51 MP: 5/5
   428 | D:7      | Reached skill level 5 in Armour
   536 | D:8      | Reached skill level 8 in Axes
   536 | D:8      | Reached XP level 7. HP: 30/57 MP: 6/6
   651 | D:8      | Reached skill level 9 in Axes
   746 | D:8      | Found a flagged portal.
   749 | D:8      | Noticed a hippogriff
   765 | D:8      | Reached XP level 8. HP: 18/64 MP: 7/7
   775 | D:8      | Reached skill level 10 in Axes
   810 | D:8      | Got a slimy spear
   813 | Bailey   | Entered a bailey
   829 | Bailey   | Identified the +8 spear "Weluma" {pierce, Str+6} (You found it on level 8 of the Dungeon)
  1126 | Bailey   | Reached skill level 11 in Axes
  1204 | Bailey   | Noticed an orc knight
  1297 | Bailey   | Noticed an orc knight
  1451 | Bailey   | Reached XP level 9. HP: 70/70 MP: 8/8
  1520 | Bailey   | Killed an orc knight
  1520 | Bailey   | Reached skill level 12 in Axes
  1571 | Bailey   | Noticed an orc knight
  1602 | Bailey   | Killed an orc knight
  1606 | Bailey   | Reached skill level 13 in Axes
  1729 | D:9      | Found Alisaeg's General Store.
  1751 | D:9      | Reached *** piety under Trog
  1781 | D:9      | Found a sacrificial altar of Ru.
  1818 | D:9      | Bought a scroll of identify for 28 gold pieces
  1818 | D:9      | Bought a scroll of identify for 28 gold pieces
  1818 | D:9      | Bought a scroll of enchant weapon for 105 gold pieces
  1835 | D:10     | Entered Level 10 of the Dungeon
  1840 | D:10     | Noticed Urug
  1938 | D:10     | Reached skill level 10 in Armour
  2084 | D:10     | Reached XP level 10. HP: 54/77 MP: 9/9
  2125 | D:10     | Reached skill level 14 in Axes
  2170 | D:10     | Noticed 4thArraOfDagon's ghost (novice MiBe)
  2288 | D:10     | Killed Urug
  2316 | D:10     | HP: 1/77 [troll (10)]
  2316 | D:10     | Mangled by a troll

Vault maps used:
D:1:      evilmike_arrival_hilbert_curve
D:2:      grunt_temple_overflow_order_and_chaos_1
D:4:      serial_shops, shop, uniq_blork_the_orc
D:7:      grunt_temple_overflow_holy_war, nicolae_overflow_hidden_temple,
          minitemple, uniq_joseph, uniq_duvessa
D:8:      kennysheep_six_static_rooms, dpeg_lair_monsters, enter_bailey_2,
          serial_shops, nicolae_shop_overgrown_old_shop
D:9:      kennysheep_little_box, serial_shops, shop
D:10:     uniq_urug, uniq_sonja
Bailey:   bailey_polearm_5, bailey

Skill      XL: |  1  2  3  4  5  6  7  8  9 10 |
---------------+-------------------------------+-----
Axes           | 4 5 6 7 8 9 11 13 14 | 14.4
Armour         | 3 4 5 6 8 10 | 10.6
Fighting       | |  3.6
Dodging        | |  2.1

Action                   |  1- 3 |  4- 6 |  7- 9 | 10-12 || total
-------------------------+-------+-------+-------+-------++-------
Melee: Hand axe          |    30 |    43 |    92 |       ||   165
       Headbutt          |     4 |    14 |    23 |     8 ||    49
       Spear             |       |       |   134 |    26 ||   160
       Broad axe         |       |       |       |     5 ||     5
Throw: Throwing net      |       |     1 |       |       ||     1
Invok: Berserk           |     3 |     2 |    17 |     2 ||    24
       Trog's Hand       |       |     1 |    13 |     3 ||    17
       Burn Spellbooks   |       |       |     1 |       ||     1
Evoke: Wand              |       |       |       |     1 ||     1
  Use: Scroll            |       |       |    12 |       ||    12
       Potion            |       |       |     1 |       ||     1
  Eat: Chunk             |       |     3 |    29 |     4 ||    36
Armor: Animal skin       |     9 |       |       |       ||     9
       Ring mail         |     1 |     9 |    24 |       ||    34
       Scale mail        |       |       |    30 |    19 ||    49
Dodge: Dodged            |    21 |    18 |    96 |    33 ||   168
